 Dungeon Crawl Stone Soup version 0.31-a0-1338-gb567cfdca4 (webtiles) character file.

Game seed: 9427561611121279023

381 Sonofthefire the Changeling (level 6, -7/44 HPs)
             Began as an Octopode Shapeshifter on Dec 21, 2023.
             Mangled by a wyvern (14 damage)
             ... on level 4 of the Dungeon.
             The game lasted 00:03:14 (2641 turns).

Sonofthefire the Changeling (Octopode Shapeshifter) Turns: 2641, Time: 00:03:14

Health: -7/44      AC:  1    Str: 14    XL:     6   Next: 75%
Magic:  6/6        EV: 13    Int: 12    God:
Gold:   135        SH:  0    Dex: 13    Spells: 5/5 levels left

rFire   . .          .
                       - Unarmed
rCold   . . .        (no shield)
rNeg    . . .        (helmet currently unavailable)
rPois   .            (no amulet)
rElec   .            (no ring)
rCorr   .            (no ring)
SInv    .            (no ring)
Will    .....        (no ring)
Stlth   ++           (no ring)
HPRegen 0.27/turn    (no ring)
MPRegen 0.10/turn    (no ring)
                     (no ring)

%: no passive effects
@: beast-form
A: beast (slay +3), almost no armour, amphibious, 8 rings, camouflage 1,
gelatinous body 1, (nimble swimmer 1), tentacles
a: Begin Untransformation


You were on level 4 of the Dungeon.
You were a hulking beast.
You visited 1 branch of the dungeon, and saw 4 of its levels.

You collected 135 gold pieces.

Inventory:

Jewellery
 m - a ring of ice
Talismans
 b - a beast talisman
 c - a flux talisman
Scrolls
 d - a scroll of fear {unknown}
 e - a scroll of enchant weapon {unknown}
 i - a scroll of fog {unknown}
 l - 3 scrolls of teleportation {unknown}
Potions
 f - 2 potions of enlightenment {unknown}
 g - 2 potions of curing {unknown}
 h - a potion of invisibility {unknown}
 j - 2 potions of degeneration {unknown}
 k - a potion of attraction {unknown}


   Skills:
 + Level 4.7 Fighting
 - Level 2.0 Dodging
 - Level 3.0 Unarmed Combat
 + Level 5.2 Shapeshifting


You had 5 spell levels left.
You didn't know any spells.
Your spell library contained the following spells:

 Spells                   Type           Power      Damage    Failure   Level
 Jinxbite                 Hex            0%         N/A       45%         2
 Yara's Violent Unravell  Hex/Alch       0%         3d3       100%        5
 Enfeeble                 Hex            0%         N/A       100%        7


Dungeon Overview and Level Annotations

Branches:
Dungeon (4/15)
 Temple: D:4-7

Altars:
Dithmenos
Kikubaaqudgha
Trog
Wu Jian


Innate Abilities, Weirdness & Mutations

You are a hulking beast.
Your limbs bulge with bestial killing power. (Slay +3)
You cannot wear most types of armour.
You are amphibious.
You can wear up to eight rings at the same time.
Your skin changes colour to match your surroundings (Stealth+).
Your rubbery body absorbs attacks. (AC +1, EV +1)
((You are camouflaged when in or above water. (Stealth+)))
You have tentacles for arms and can constrict up to eight enemies at once.


Message History

The giant cockroach is almost dead.
The giant cockroach barely misses you.
You closely miss the giant cockroach.
The giant cockroach is almost dead.
The giant cockroach bites you but does no damage. x2
You hit the giant cockroach.
You kill the giant cockroach!
You cannot move.
You start resting.
Your transformation is almost over.
You feel less wooden.
You turn into a hulking beast.
You start resting.
HP restored.
You see here a giant cockroach corpse.
An endoplasm comes into view.
An endoplasm is nearby!
A wyvern comes into view.
The wyvern hisses angrily.
The wyvern completely misses you.
The endoplasm quivers.
You tentacle-slap the wyvern. You squeeze the wyvern.
The wyvern is moderately wounded.
The endoplasm hits you. The wyvern bites you!
You are too injured to fight recklessly!
You are too injured to fight recklessly!
You are too injured to fight recklessly!
You are too injured to fight recklessly!
You tentacle-slap the wyvern.
The wyvern is moderately wounded.
The wyvern bites you! The endoplasm freezes you.
You are frozen.
* * * LOW HITPOINT WARNING * * *
The wyvern bites you.
* * * LOW HITPOINT WARNING * * *
You bludgeon the wyvern! Your squeeze misses the wyvern.
The wyvern is heavily wounded.
The endoplasm closely misses you. The wyvern bites you!
You die...

. +# ##. .# ###.. .#
....###.############
........#........J.#
......##.......h..#
###.##.##)......k..#
.....)...†.........#
....##.###............
####...#
#............. #...#
#.............# #...#
#.............# #..<#
#.............# #...#
#####..###


You could see a wyvern and an endoplasm.

Vanquished Creatures
  Sigmund (D:3)
  Duvessa (D:4)
  Dowan (D:4)
  2 adders
  A worm (D:2)
  An orc (D:3)
  3 ball pythons
  4 endoplasms
  4 giant cockroaches
  4 goblins
  3 hobgoblins
  5 jackals
  6 kobolds
  3 quokkas
  A bat (D:2)
  6 frilled lizards
  8 rats
54 creatures vanquished.

Notes
Turn   | Place    | Note
-------+----------+-------------------------------------------
     0 | D:1      | Sonofthefire the Octopode Shapeshifter began the quest for
                  | the Orb.
     0 | D:1      | Reached XP level 1. HP: 13/13 MP: 1/1
    84 | D:1      | Reached XP level 2. HP: 4/18 MP: 2/2
   336 | D:1      | Found a faded altar of an unknown god.
   669 | D:2      | Found an ancient bone altar of Kikubaaqudgha.
   686 | D:2      | Reached XP level 3. HP: 24/24 MP: 3/3
  1528 | D:3      | Reached XP level 4. HP: 30/30 MP: 4/4
  1730 | D:3      | Found an ornate altar of the Wu Jian Council.
  1812 | D:3      | Found a bloodstained altar of Trog.
  1880 | D:3      | Found a shadowy altar of Dithmenos.
  1920 | D:3      | Noticed Sigmund
  1933 | D:3      | Killed Sigmund
  1934 | D:3      | Reached skill level 4 in Shapeshifting
  1934 | D:3      | Reached XP level 5. HP: 4/37 MP: 5/5
  1934 | D:3      | Reached XP level 6. HP: 4/43 MP: 6/6
  2467 | D:4      | Noticed Dowan
  2476 | D:4      | Killed Dowan
  2488 | D:4      | Noticed Duvessa
  2547 | D:4      | Killed Duvessa
  2548 | D:4      | Reached skill level 5 in Shapeshifting
  2634 | D:4      | Noticed a wyvern
  2641 | D:4      | Mangled by a wyvern

Illustrated notes

Levels and vault maps discovered:
D:1:      lightli_arrival_quake, layout_rooms,
          shapermc_ecumenical_altar_mp_ritualfount, minivault_26,
          minmay_distorted
D:2:      layout_loops_corners, basic_altar, minmay_pentomino_pile
D:3:      layout_basic, mainiacjoe_overflow_brackets,
          nicolae_dithmenos_the_darkroom, nzn_wu_jian_contemplation,
          nicolae_eternal_life, uniq_sigmund
D:4:      layout_basic, nemelex_spade_bored_becter, grunt_ministairs_13,
          uniq_robin, uniq_duvessa

Skill      XL: |  1  2  3  4  5  6 |
---------------+-------------------+-----
Fighting       | 2 4 |  4.7
Shapeshifting  | 4 5 |  5.2
Dodging        | |  2.0
Unarmed Combat | |  3.0

Action                     |  1- 3 |  4- 6 || total
---------------------------+-------+-------++-------
  Melee: Unarmed           |    68 |    56 ||   124
         Tentacles         |    18 |     8 ||    26
         Constrict         |    22 |     9 ||    31
         Punch             |     1 |       ||     1
    Use: Potion            |       |     1 ||     1
   Stab: Sleeping          |     8 |     2 ||    10
 Armour: Skin              |    17 |    43 ||    60
  Dodge: Dodged            |    35 |    24 ||    59

Table legend: (Time is in decaauts)
 A = Elapsed time spent in this place.
 B = Non-inter-level travel time spent in this place.
 C = Inter-level travel time spent in this place.
 D = Time resting spent in this place.
 E = Time spent auto-exploring this place.
 F = Levels seen in this place.
 G = Mean time per level.
                   A        B        C        D        E       F      G
               +--------+--------+--------+--------+--------+-----+--------+
         Total |   2632 |   2520 |    112 |    457 |   1718 |   4 |  658.0 |
       Dungeon |   2632 |   2520 |    112 |    457 |   1718 |   4 |  658.0 |
               +--------+--------+--------+--------+--------+-----+--------+

Top non-repeatable levels by time:
     D:3: 1009 daAuts
     D:2: 811 daAuts
     D:1: 635 daAuts
     D:4: 177 daAuts
